 Dungeon Crawl Stone Soup version 0.27-a0-346-ga689d4a613 (webtiles) character file.

Game seed: 13230375231176556342

13 dickylongcocking the Sneak (level 2, -1/24 HPs)
             Began as a Merfolk Delver on Feb 15, 2021.
             Slain by an adder (3 damage)
             ... on level 2 of the Dungeon.
             The game lasted 00:00:53 (894 turns).

dickylongcocking the Sneak (Merfolk Delver)          Turns: 894, Time: 00:00:54

Health: -1/24      AC:  3    Str: 12    XL:     2   Next: 37%
Magic:  2/2        EV: 12    Int:  9    God:
Gold:   13         SH:  0    Dex: 15    Spells: 1/1 levels left

rFire    . . .     SeeInvis .   a - +0 spear
rCold    . . .     Faith    .   (no shield)
rNeg     . . .     Spirit   .   b - +0 leather armour
rPois    .         Reflect  .   (no helmet)
rElec    .         Harm     .   (no cloak)
rCorr    .         Rampage  .   (no gloves)
Will     .....                  (no boots)
Stlth    +++.......             (no amulet)
HPRegen  0.08/turn              (no ring)
MPRegen  0.08/turn              (no ring)

@: lethally poisoned (-1 -> -9)
A: change form in water, swift swim, stealthy swim
a: no special abilities


You were on level 2 of the Dungeon.
You visited 1 branch of the dungeon, and saw 4 of its levels.

You collected 13 gold pieces.

Inventory:

Hand Weapons
 a - a +0 spear (weapon)
Armour
 b - a +0 leather armour (worn)
Wands
 g - a wand of digging (3)
Scrolls
 c - a scroll of fog
 d - a scroll of magic mapping
 e - a scroll of fear
 h - a scroll of identify {unknown}


   Skills:
 + Level 3.3 Fighting
 + Level 3.1 Polearms
 + Level 0.1 Armour
 + Level 2.9 Dodging
 + Level 5.9 Stealth


You had one spell level left.
You didn't know any spells.
Your spell library was empty.

Dungeon Overview and Level Annotations

Branches:
Dungeon (5/15)
 Temple: D:4-7

Altars:


Message History

The adder poisons you!
You barely miss the adder.
The adder is moderately wounded.
You feel sick. The adder closely misses you.
You miss the adder.
The adder is moderately wounded.
You feel sick. The adder closely misses you.
You hit the adder but do no damage.
The adder is moderately wounded.
You feel sick. The adder bites you but does no damage.
The adder closely misses you.
You hit the adder.
The adder is heavily wounded.
You feel sick. The adder barely misses you.
You hit the adder but do no damage.
The adder is heavily wounded.
You feel sick. The adder bites you but does no damage.
You miss the adder.
The adder is heavily wounded.
The adder closely misses you.
You barely miss the adder.
The adder is heavily wounded.
You feel sick. The adder bites you. The adder misses you.
You hit the adder but do no damage.
The adder is heavily wounded.
The adder barely misses you.
You hit the adder.
The adder is heavily wounded.
* * * LOW HITPOINT WARNING * * *
You feel sick. The adder bites you.
* * * LOW HITPOINT WARNING * * *
You are more poisoned.
The adder poisons you!
You aren't carrying any potions.
Unknown command.
You hit the adder.
The adder is severely wounded.
* * * LOW HITPOINT WARNING * * *
You feel sick. The adder bites you.
You die...

###...# #...# #..#
##...# #.. #...## #..
##...# #.# ##...##
#.# ##...##
..#.########.###...##
.>.....wS@....##...#
####..###..$..#...##
## ###..)#...#
#...#...########
#..#.............
#....#.............
#.##.#.............
... #............###
.. ###....##.....##


You could see a worm and an adder.

Vanquished Creatures
  An adder (D:5)
  A bat (D:2)
  A hobgoblin (D:2)
  A quokka (D:5)
4 creatures vanquished.

Notes
Turn   | Place    | Note
-------+----------+-------------------------------------------
     0 | D:5      | dickylongcocking the Merfolk Delver began the quest for the
                  | Orb.
     0 | D:5      | Reached XP level 1. HP: 18/18 MP: 1/1
    48 | D:5      | Reached XP level 2. HP: 9/24 MP: 2/2
   458 | D:5      | Noticed a scorpion
   506 | D:5      | Noticed a scorpion
   562 | D:4      | Noticed a howler monkey
   894 | D:2      | Slain by an adder

Illustrated notes

Levels and vault maps discovered:
D:2:      layout_rooms, serial_curves, eino_curves_02, eino_curves_02,
          minmay_snake_closets
D:3:      layout_rooms
D:4:      layout_loops_ring, grunt_temple_overflow_champion_of_chaos,
          enter_ossuary_5, uniq_edmund, uniq_crazy_yiuf_cottage
D:5:      layout_cave_pools, nicolae_overflow_hidden_temple,
          gammafunk_temple_overflow_wave, amcnicky_mini_pool_small,
          kennysheep_generic_room_13

Action                   || total
-------------------------++-------
Melee: Spear             ||    51
  Use: Potion            ||     3
 Stab: Sleeping          ||     1
Armor: Leather armour    ||     7
Dodge: Dodged            ||    25

Table legend: (Time is in decaauts)
 A = Elapsed time spent in this place.
 B = Non-inter-level travel time spent in this place.
 C = Inter-level travel time spent in this place.
 D = Time resting spent in this place.
 E = Time spent auto-exploring this place.
 F = Levels seen in this place.
 G = Mean time per level.
                   A        B        C        D        E       F      G
               +--------+--------+--------+--------+--------+-----+--------+
         Total |    874 |    874 |      0 |    551 |    190 |   4 |  218.5 |
       Dungeon |    874 |    874 |      0 |    551 |    190 |   4 |  218.5 |
               +--------+--------+--------+--------+--------+-----+--------+

Top non-repeatable levels by time:
     D:5: 496 daAuts
     D:2: 304 daAuts
     D:4: 68 daAuts
     D:3: 4 daAuts
